 Dungeon Crawl Stone Soup version 0.25-a0-413-g3b4b6a4ccc (webtiles) character file.

Game seed: 2709173072186770440, levelgen mode: deterministic

5 MrRokkomies the Ducker (level 1, -17/11 HPs)
             Began as a Spriggan Abyssal Knight on Jan 17, 2020.
             Was a Follower of Lugonu.
             Killed from afar by a wretched star (19 damage)
             ... with a lance of force
             ... on level 1 of the Abyss.
             The game lasted 00:01:01 (212 turns).

MrRokkomies the Ducker (Spriggan Abyssal Knight)     Turns: 212, Time: 00:01:02

Health: -17/11     AC:  2    Str:  8      XL:     1   Next: 66%
Magic:  3/3        EV: 18    Int: 13      God:    Lugonu [*.....]
Gold:   0          SH:  0    Dex: 14 (15) Spells: 0/0 levels left

rFire    . . .     SeeInvis +   a - +1 short sword
rCold    . . .     Gourm    .   (shield restricted)
rNeg     . . .     Faith    .   b - +0 robe
rPois    .         Spirit   .   (helmet restricted)
rElec    .         Reflect  .   (no cloak)
rCorr    .         Harm     .   (gloves unavailable)
MR       .....                  (boots unavailable)
Stlth    +.........             (no amulet)
HPRegen  0.03/turn              (no ring)
MPRegen  0.08/turn              (no ring)

@: very quick
A: very small, unfitting armour, see invisible, herbivore, speed 3, slow
metabolism 2
a: Depart the Abyss, Renounce Religion


You were on level 1 of the Abyss.
You worshipped Lugonu.
Lugonu was aware of your devotion.
You were not hungry.

You visited 0 branches of the dungeon, and saw 0 of its levels.
You visited the Abyss 1 time.

Inventory:

Hand Weapons
 a - a +1 short sword (weapon)
Armour
 b - a +0 robe (worn)
Scrolls
 e - a scroll of fear {unknown}
Potions
 d - 2 potions of lignification {unknown}
 f - a potion of berserk rage {unknown}
Comestibles
 c - a ration


   Skills:
 + Level 2.6 Fighting
 + Level 2.3 Short Blades
 + Level 3.7 Dodging
 + Level 1.8 Invocations


You couldn't memorise any spells.
You didn't know any spells.
Your spell library was empty.

Dungeon Overview and Level Annotations

Branches:
Dungeon (0/15)

Altars:


Innate Abilities, Weirdness & Mutations

You are very small and have problems with some larger weapons.
You are too small for most types of armour.
You have supernaturally acute eyesight. (SInv)
You are a herbivore.
You cover ground extremely quickly.
You need to consume almost no food.


Message History

The quasit claws you but does no damage.
The quasit claws you.
You feel clumsy.
A large abomination comes into view.
You see here 11 gold pieces.
The ufetubus barely misses you. The ufetubus hits you.
* * * LOW HITPOINT WARNING * * *
The quasit closely misses you.
The quasit claws you but does no damage.
The quasit closely misses you. The ufetubus barely misses you.
The ufetubus misses you. The ufetubus misses you.
The ufetubus closely misses you. The quasit completely misses you.
The quasit barely misses you.
The quasit claws you but does no damage.
Found 26 stones.
A wretched star comes into view.
The wretched star glows turbulently.
The lance of force hits you!!
Ouch! That really hurt!
You die...

### ... ## #.# #
.###*# .#
##.#.##.## ##
#.. #.@..# ..#
.#.#..#
#.#.###..###....
#
##....#...X$##.
#.. #.#..###5.
###..#..
#.#.#5## .#.
#≈≈. . #
###...≈#≈..≈≈≈.
#
....##.#.#.7≈.≈≈
#...
#.###.###..#≈.≈
... #..#...≈
.≈≈#.≈


You could see a wretched star and a quasit.

Vanquished Creatures
  An ufetubus (Abyss:1)
1 creature vanquished.

Vanquished Creatures (others)
  4 starspawn tentacles (Abyss:1)
4 creatures vanquished.

Grand Total: 5 creatures vanquished

Notes
Turn   | Place    | Note
-------+----------+-------------------------------------------
     0 | Abyss:1  | MrRokkomies the Spriggan Abyssal Knight began the quest for
                  | the Orb.
     0 | Abyss:1  | Reached XP level 1. HP: 11/11 MP: 3/3
    39 | Abyss:1  | Noticed a tentacled starspawn
    77 | Abyss:1  | Noticed a raiju
   102 | Abyss:1  | Noticed a shadow wraith
   123 | Abyss:1  | Noticed a large abomination
   127 | Abyss:1  | Noticed a rakshasa
   128 | Abyss:1  | Noticed a smoke demon
   140 | Abyss:1  | Noticed a fire elemental
   153 | Abyss:1  | Noticed a shadow wraith
   190 | Abyss:1  | Noticed a quasit
   202 | Abyss:1  | Noticed a large abomination
   210 | Abyss:1  | Noticed a wretched star
   212 | Abyss:1  | Killed from afar by a wretched star

Levels and vault maps discovered:
Abyss:1:  hangedman_glass_garden

Action                   || total
-------------------------++-------
Melee: Short sword       ||     3
Armor: Robe              ||     4
Dodge: Dodged            ||    26

Table legend:
 A = Non-vault XP
 B = Vault XP
 C = Vault XP percentage of total XP
 D = Non-vault monster count
 E = Vault monster count
 F = Vault count percentage of total count
                 A         B        C        D         E       F
            +---------+---------+-------+---------+---------+-------
      Total |       8 |       0 |   0.0 |       1 |       0 |   0.0
            +---------+---------+-------+---------+---------+-------
    Abyss:1 |       8 |       0 |   0.0 |       1 |       0 |   0.0
            +---------+---------+-------+---------+---------+-------
